 Dungeon Crawl Stone Soup version 0.26-a0-1033-gd598b01645 (webtiles) character file.

Game seed: 13321976252407343719

4174 Floopie the Cleaver (level 10, -10/94 HPs)
             Began as a Deep Dwarf Delver on Dec 10, 2020.
             Was an Initiate of Ru.
             Mangled by Snorg (21 damage)
             ... on level 1 of the Orcish Mines.
             The game lasted 00:52:47 (2747 turns).

Floopie the Cleaver (Deep Dwarf Delver)             Turns: 2747, Time: 00:52:47

Health: -10/94     AC: 11    Str: 24    XL:     10   Next: 7%
Magic:  3/3        EV: 12    Int: 12    God:    Ru [......]
Gold:   316        SH:  0    Dex: 14    Spells: 10/12 levels left

rFire    . . .     SeeInvis +   r - +0 battleaxe
rCold    . . .     Faith    .   (shield currently unavailable)
rNeg     . . .     Spirit   .   K - +0 ring mail
rPois    .         Reflect  .   x - +2 helmet
rElec    .         Harm     .   (no cloak)
rCorr    .         Rampage  .   M - +0 pair of gloves
Will     +....                  U - +0 pair of boots
Stlth    +++.......             (no amulet)
HPRegen  0.00/turn              s - ring of see invisible
MPRegen  0.08/turn              S - +6 ring of strength

@: non-regenerating
A: damage resistance, heal wounds, sense surroundings 2, no regeneration
a: Heal Wounds, Renounce Religion


You were on level 1 of the Orcish Mines.
You worshipped Ru.
Ru was noncommittal.
You visited 3 branches of the dungeon, and saw 9 of its levels.
You also visited: Ossuary.

You collected 406 gold pieces.
You spent 90 gold pieces at shops.

Inventory:

Hand Weapons
 a - a +0 hand axe
 r - a +0 battleaxe (weapon)
 z - a +1 vorpal mace
 F - a +0 war axe
 G - a +0 flail
 Y - a +0 trident
Missiles
 q - 4 boomerangs
 L - 59 stones (quivered)
 P - 17 poisoned darts
 Z - 2 throwing nets
Armour
 x - a +2 helmet (worn)
 y - a +0 chain mail
 K - a +0 ring mail (worn)
 M - a +0 pair of gloves (worn)
 R - a +0 plate armour
 U - a +0 pair of boots (worn)
Jewellery
 f - an uncursed ring of protection from fire
 s - a ring of see invisible (left hand)
 t - an uncursed ring of teleportation
 N - an uncursed ring of fire
 S - a +6 ring of strength (right hand)
Wands
 A - a wand of acid (7)
 C - a wand of random effects (14)
 D - a wand of digging (8)
 E - a wand of disintegration (18)
 I - a wand of iceblast (5)
Scrolls
 c - a scroll of fog
 e - 3 scrolls of fear
 u - a scroll of enchant weapon
 v - a scroll of silence
 w - a scroll of random uselessness
 T - a scroll of teleportation
 V - a scroll of immolation
 W - 5 scrolls of remove curse
 X - a scroll of noise {unknown}
Potions
 B - a potion of brilliance
 H - 3 potions of haste
 J - a potion of resistance
 O - a potion of magic
 Q - 3 potions of curing


   Skills:
 - Level 7.0 Fighting
 * Level 12.3 Axes
 + Level 3.8 Armour
 - Level 2.1 Dodging
 - Level 6.0 Stealth
 + Level 1.7 Spellcasting
 - Level 4.0 Translocations


You had 10 spell levels left.
You knew the following spells:

 Your Spells              Type           Power        Failure   Level
a - Blink                 Tloc           N/A          12%         2

Your spell library contained the following spells:

 Spells                   Type           Power        Failure   Level
 Magic Dart               Conj           #...         38%         1
 Call Imp                 Summ           #.......     54%         2
 Slow                     Hex            #.......     54%         2
 Conjure Flame            Conj/Fire      #.......     77%         3
 Mephitic Cloud           Conj/Pois/Air  #.......     77%         3


Dungeon Overview and Level Annotations

Branches:
Dungeon (9/15)             Temple (1/1) D:5            Lair (0/6) D:8
    Orc (1/2) D:9         Ossuary (visited)

Altars:
Dithmenos
Elyvilon
Fedhas
Gozag
Hepliaklqana
Kikubaaqudgha
Makhleb
Nemelex Xobeh
Okawaru
Qazlal
Ru
Sif Muna
Trog
Uskayaw
Vehumet
Wu Jian
Xom
Yredelemnul
Zin
The Shining One

Shops:
D:7 :   Orc:1 (

Portals:
Ice
Cave: Orc:1

Annotations:
D:5 2 transporters, Baldric's ghost, amateur HuBe
D:8 exclusion: ice statue
Orc:1 Snorg


Innate Abilities, Weirdness & Mutations

You are resistant to damage.
You can heal yourself by infusing magical energy.
You passively map the area around you.
You do not regenerate.


Message History

Your magical essence is drained by the effort!
You feel much better. The orc wizard closely misses you. Snorg bites you.
Snorg claws you. Snorg closely misses you.
The warg bites you but does no damage.
The orc priest looks braver for a moment.
The orc shouts!
You slice Snorg!!
Snorg is almost dead.
You barely miss the warg. You closely miss the orc. You slash the orc priest!
You closely miss the orc wizard. Snorg bites you!!
* * * LOW HITPOINT WARNING * * *
Snorg claws you!
* * * LOW HITPOINT WARNING * * *
Snorg completely misses you. The warg closely misses you.
An orc comes into view. It is wielding a +0 hand axe.
The orc wizard casts a spell at you.
The magic dart hits you but does no damage.
The orc wizard gestures wildly while chanting.
The orc wizard blinks!
Snorg bites you!!
You die...

##* ##### *####* *
##.####.#.###...#..* * **
#...##.....#....... ,
##....#.....#...>.... *
#............#....... *,
##................... ,
*##.................... *
, ##...o@o§............∩.
*#....hTo........#......
,
,.......O....##.#........
*,
....o...#...###....#....
*,
.#.......#..##..∩#......
* ,
............o.#......##.
*,
.......................[
*
.......#...ooo##........
* , ......
.##.###........


You could see Snorg (berserk), a warg, an ogre, 2 orc priests, 2 orc wizards and
4 orcs.

Vanquished Creatures
  A wyvern (D:8)
  A steam dragon (D:8)
  7 orc warriors
  3 sky beasts
  3 black bears
  9 ice beasts
  4 ogres
  A centaur (D:6)
  4 bullfrogs
  A wyvern skeleton (D:7)
  4 scorpions
  A centaur zombie (D:7)
  A hound (D:5)
  7 orc wizards
  4 orc priests
  Ijyb (D:5)
  2 iguanas
  2 worker ants
  8 big kobold zombies (Ossuary)
  A hound zombie (D:8)
  A mummy (Ossuary)
  11 gnolls
  6 adders
  3 ufetubi
  An adder skeleton (D:8)
  A worm (D:4)
  4 dart slugs (D:7)
  5 leopard geckos
  38 orcs
  2 spectral bats (Ossuary)
  A giant cockroach (D:8)
  2 jackals (D:8)
  2 quokkas
  A ball python (D:4)
  A frilled lizard (D:4)
  2 gnoll zombies (Ossuary)
  7 goblin zombies (Ossuary)
  3 hobgoblin zombies (Ossuary)
  4 kobold zombies (Ossuary)
  2 orc zombies (Ossuary)
  A quokka zombie (D:5)
  A rat (D:3)
  2 spectral goblins (Ossuary)
  4 spectral kobolds (Ossuary)
  2 spectral rats (Ossuary)
172 creatures vanquished.

Vanquished Creatures (others)
  2 jackals (D:8)
  6 fungi
  5 plants
13 creatures vanquished.

Grand Total: 185 creatures vanquished

Notes
Turn   | Place    | Note
-------+----------+-------------------------------------------
     0 | D:5      | Floopie the Deep Dwarf Delver began the quest for the Orb.
     0 | D:5      | Reached XP level 1. HP: 20/20 MP: 1/1
     8 | D:4      | Found a blossoming altar of Fedhas.
     8 | D:4      | Found a stormy altar of Qazlal.
    56 | D:4      | Reached XP level 2. HP: 21/27 MP: 2/2
   135 | D:4      | Reached skill level 3 in Fighting
   135 | D:4      | Reached skill level 3 in Axes
   135 | D:4      | Reached XP level 3. HP: 34/34 MP: 3/3
   182 | D:4      | Noticed a scorpion
   195 | D:5      | Noticed Ijyb
   248 | D:4      | Found a sand-covered staircase.
   257 | Ossuary  | Entered an ossuary
   334 | Ossuary  | Reached skill level 4 in Axes
   371 | Ossuary  | Reached XP level 4. HP: 28/42 MP: 4/4
   423 | Ossuary  | Reached XP level 5. HP: 29/50 MP: 4/4
   445 | Ossuary  | Reached skill level 5 in Axes
   640 | D:4      | Reached XP level 6. HP: 39/57 MP: 5/5
   721 | D:5      | Paralysed by Ijyb for 3 turns
   726 | D:5      | Paralysed by Ijyb for 6 turns
   747 | D:5      | Killed Ijyb
   748 | D:5      | Reached skill level 6 in Axes
   772 | D:5      | Noticed a sky beast
   791 | D:5      | Found a shimmering altar of Xom.
   791 | D:5      | Found an opulent altar of Gozag.
   792 | D:5      | Found an iron altar of Okawaru.
   914 | D:5      | Reached XP level 7. HP: 37/66 MP: 6/6
   952 | D:5      | Reached skill level 7 in Axes
  1140 | D:5      | Reached skill level 8 in Axes
  1215 | D:6      | Found a white marble altar of Elyvilon.
  1257 | D:6      | Became a worshipper of Elyvilon the Healer
  1277 | D:6      | Reached XP level 8. HP: 61/75 MP: 6/6
  1330 | D:7      | Found Fini Curast's Book Shop.
  1367 | D:7      | Reached skill level 9 in Axes
  1380 | D:8      | Noticed an ice devil
  1380 | D:8      | Noticed an ice devil
  1449 | D:7      | Learned a level 2 spell: Blink
  1484 | D:8      | Reached skill level 6 in Fighting
  1484 | D:8      | Reached skill level 1 in Translocations
  1576 | D:7      | Reached skill level 10 in Axes
  1635 | D:7      | Reached * piety under Elyvilon
  1684 | D:6      | Reached skill level 3 in Translocations
  1775 | D:5      | Noticed Baldric's ghost (amateur HuBe)
  1781 | D:5      | Found a transporter.
  1785 | D:5      | Found a transporter.
  2007 | D:5      | Found a staircase to the Ecumenical Temple.
  2025 | Temple   | Entered the Ecumenical Temple
  2146 | D:6      | Found a sacrificial altar of Ru.
  2154 | D:6      | Fell from the grace of Elyvilon
  2154 | D:6      | Became a worshipper of Ru the Awakened
  2251 | D:8      | Noticed an ice devil
  2251 | D:8      | Noticed an ice devil
  2267 | D:8      | Gained mutation: You passively map the area around you.
                  | [Deep Dwarf growth]
  2267 | D:8      | Reached XP level 9. HP: 45/82 MP: 6/6
  2268 | D:8      | Noticed an ice devil
  2271 | D:8      | Noticed an ice devil
  2277 | D:8      | Reached skill level 1 in Spellcasting
  2281 | D:8      | Noticed an ice statue
  2303 | D:8      | Found a staircase to the Lair.
  2341 | D:8      | Reached skill level 11 in Axes
  2530 | D:9      | Reached skill level 1 in Armour
  2614 | D:9      | Found a staircase to the Orcish Mines.
  2626 | Orc:1    | Entered Level 1 of the Orcish Mines
  2626 | Orc:1    | Found a frozen archway.
  2641 | D:9      | HP: 2/85 [ice beast (9)]
  2655 | D:9      | Reached skill level 12 in Axes
  2655 | D:9      | Reached skill level 3 in Armour
  2683 | D:9      | Reached XP level 10. HP: 56/94 MP: 4/6
  2686 | Orc:1    | Found Fyqani's Weapon Shop.
  2714 | Orc:1    | Bought 2 throwing nets for 90 gold pieces
  2734 | Orc:1    | Noticed Snorg
  2747 | Orc:1    | Mangled by Snorg

Illustrated notes

Levels and vault maps discovered:
D:3:      layout_loops_ring, lemuel_doored_altar,
          minmay_randomly_rotated_circles
D:4:      layout_loops_cross, grunt_temple_overflow_forces_of_nature,
          enter_ossuary_1, bh_walls_and_bars
D:5:      layout_rooms, gammafunk_temple_overflow_forgotten,
          minmay_temple_entry_butterflies, gammafunk_ghost_hive,
          small_statue_intersection, uniq_ijyb
D:6:      layout_basic, old_standard_altar, grunt_ministairs_3, elyvilon_altar_5
D:7:      kennysheep_slugbush, layout_layer_cave, serial_shops, kennysheep_mini
D:8:      cheibrodos_frozen_isle, layout_gridville, lemuel_crystal_altar,
          grunt_lair_entry_orc_guard_hut, minmay_fractal_squares_diagonal_5
D:9:      minmay_chopped_fan, layout_irregular_city, kennysheep_little_box,
          david_orc_4, serial_shops, kennysheep_mini_moat
Temple:   dshaligram_water_room_temple
Orc:1:    gammafunk_beogh_shrine, layout_caves, serial_shops, shop,
          portal_ice_cave_entry_ice_beasts, uniq_snorg

Skill      XL: |  1  2  3  4  5  6  7  8  9 |
---------------+----------------------------+-----
Fighting       | 3 4 5 6 7 |  7.0
Axes           | 3 4 5 6 8 10 12 | 12.3
Translocations | 3 4 |  4.0
Spellcasting   | 1 |  1.7
Armour         | 3 |  3.8
Dodging        | |  2.1
Stealth        | |  6.0

Action                   |  1- 3 |  4- 6 |  7- 9 | 10-12 || total
-------------------------+-------+-------+-------+-------++-------
Melee: Hand axe          |   109 |   215 |    71 |       ||   395
       War axe           |       |       |   276 |       ||   276
       Battleaxe         |       |       |    32 |    18 ||    50
Throw: Stone             |       |     6 |     3 |       ||     9
 Cast: Blink             |       |       |     2 |       ||     2
Invok: Lesser Healing    |       |       |     5 |       ||     5
 Abil: Heal Wounds       |     1 |     6 |    20 |     5 ||    32
Evoke: Wand              |       |       |       |     2 ||     2
  Use: Potion            |       |     2 |       |       ||     2
       Scroll            |       |       |    12 |       ||    12
 Stab: Sleeping          |     9 |    11 |     8 |       ||    28
       Distracted        |       |       |     1 |       ||     1
Armor: Leather armour    |    35 |    40 |       |       ||    75
       Ring mail         |       |       |   149 |    30 ||   179
Dodge: Dodged            |    81 |    94 |   256 |    30 ||   461

Table legend: (Time is in decaauts)
 A = Elapsed time spent in this place.
 B = Non-inter-level travel time spent in this place.
 C = Inter-level travel time spent in this place.
 D = Time resting spent in this place.
 E = Time spent auto-exploring this place.
 F = Levels seen in this place.
 G = Mean time per level.
                   A        B        C        D        E       F      G
               +--------+--------+--------+--------+--------+-----+--------+
         Total |   2775 |   2439 |    336 |      0 |     60 |  10 |  277.5 |
       Dungeon |   2264 |   1965 |    299 |      0 |     60 |   7 |  323.4 |
        Temple |     65 |     28 |     37 |      0 |      0 |   1 |   65.0 |
  Orcish Mines |     73 |     73 |      0 |      0 |      0 |   1 |   73.0 |
       Ossuary |    371 |    371 |      0 |      0 |      0 |   1 |  371.0 |
               +--------+--------+--------+--------+--------+-----+--------+

Top non-repeatable levels by time:
     D:4: 591 daAuts
     D:5: 465 daAuts
     D:7: 374 daAuts
 Ossuary: 371 daAuts
     D:6: 354 daAuts
     D:8: 292 daAuts
     D:9: 173 daAuts
   Orc:1: 73 daAuts
  Temple: 65 daAuts
     D:3: 11 daAuts
